 Dungeon Crawl Stone Soup version 0.30.1 (webtiles) character file.

Game seed: 7272419596182147518

30 Arctor the Insei (level 3, -1/23 HPs)
             Began as an Octopode Transmuter on July 13, 2023.
             Slain by a kobold
             ... wielding a +0 short sword
              (4 damage)
             ... on level 2 of the Dungeon.
             The game lasted 00:00:50 (783 turns).

Arctor the Insei (Octopode Transmuter)               Turns: 783, Time: 00:00:51

Health: -1/23      AC:  1    Str:  9    XL:     3   Next: 20%
Magic:  3/6        EV: 13    Int: 17    God:
Gold:   56         SH:  0    Dex: 12    Spells: 5/6 levels left

rFire   . .          .
                       - Unarmed
rCold   . . .        (no shield)
rNeg    . . .        (helmet currently unavailable)
rPois   .            (no amulet)
rElec   .            (no ring)
rCorr   .            (no ring)
SInv    .            (no ring)
Will    .....        (no ring)
Stlth   ++           (no ring)
HPRegen 0.23/turn    (no ring)
MPRegen 0.10/turn    (no ring)
                     (no ring)

%: no passive effects
@: lethally poisoned (-1 -> -7), appendages
A: tentacle spike 3, almost no armour, amphibious, 8 rings, camouflage 1,
gelatinous body 1, (nimble swimmer 1), tentacles
a: End Transformation


You were on level 2 of the Dungeon.
One of your tentacles had grown a beastly spike.
You visited 1 branch of the dungeon, and saw 2 of its levels.

You collected 56 gold pieces.

Inventory:

Scrolls
 b - a scroll of magic mapping {unknown}
 c - 2 scrolls of immolation
 d - a scroll of identify {unknown}
 g - a scroll of blinking {unknown}
Potions
 a - a potion of lignification
 e - a potion of invisibility {unknown}
 f - 2 potions of attraction {unknown}


   Skills:
 + Level 1.5 Fighting
 + Level 2.3 Dodging
 + Level 3.2 Unarmed Combat
 + Level 2.3 Spellcasting
 + Level 2.3 Transmutations


You had 5 spell levels left.
You knew the following spells:

 Your Spells              Type           Power      Damage    Failure   Level
a - Beastly Appendage     Tmut           18%        N/A       7%          1

Your spell library contained the following spells:

 Spells                   Type           Power      Damage    Failure   Level
 Wereblood                Tmut           9%         N/A       11%         2
 Spider Form              Tmut/Pois      5%         N/A       34%         3
 Ice Form                 Ice/Tmut       5%         N/A       75%         4


Dungeon Overview and Level Annotations

Branches:
Dungeon (2/15)

Altars:


Innate Abilities, Weirdness & Mutations

One of your tentacles has grown a beastly spike.
You cannot wear most types of armour.
You are amphibious.
You can wear up to eight rings at the same time.
Your skin changes colour to match your surroundings (Stealth+).
Your rubbery body absorbs attacks. (AC +1, EV +1)
((You are camouflaged when in or above water. (Stealth+)))
You have tentacles for arms and can constrict up to eight enemies at once.


Message History

You tentacle-slap the adder. Your grab misses the adder.
You pierce the adder.
You squeeze the adder!
The adder is almost dead.
The adder barely misses you. The adder bites you.
The frilled lizard barely misses you.
You tentacle-slap the adder.
You kill the adder!
The adder closely misses you.
The kobold throws a poisoned dart.
The poisoned dart closely misses you.
You have reached level 3!
Your experience leads to an increase in your attributes!
Increase (S)trength, (I)ntelligence, or (D)exterity?
You feel clever. x2
You closely miss the adder. Your grab misses the adder.
Your tentacle spike misses the adder.
The adder bites you.
You are poisoned.
The adder poisons you! The frilled lizard barely misses you.
The kobold throws a poisoned dart.
The poisoned dart barely misses you. The adder completely misses you.
You tentacle-slap the adder. Your grab misses the adder.
Your squeeze misses the adder.
The adder is lightly wounded.
You feel sick. The frilled lizard barely misses you.
The adder closely misses you.
The kobold throws a poisoned dart.
The poisoned dart barely misses you.
You tentacle-slap the adder. Your grab misses the adder.
Your tentacle spike misses the adder.
You squeeze the adder.
The adder is severely wounded.
You feel sick. The frilled lizard bites you. The adder bites you.
You are too injured to fight recklessly!
You are too injured to fight recklessly!
You tentacle-slap the adder but do no damage.
Your grab misses the adder.
The adder is severely wounded.
You feel sick. The adder bites you.
* * * LOW HITPOINT WARNING * * *
You are lethally poisoned!
The adder poisons you! The frilled lizard barely misses you.
The kobold hits you with a +0 short sword.
You die...

## ### ##~# ...
#~≈~######.#
###~≈~≈..~..#
#....~~≈≈~~###.#
#.......l.≈~~..#
#....†@K.....#
#..$..S..#####
#........#
..........#
##........#
##...##### #...
....


You could see an adder, a kobold and a frilled lizard.

Vanquished Creatures
  An adder (D:2)
  A ball python (D:1)
  2 bats (D:1)
  2 giant cockroaches (D:1)
  3 goblins (D:1)
  2 hobgoblins (D:1)
  3 jackals (D:1)
  2 kobolds (D:1)
  A rat (D:1)
17 creatures vanquished.

Notes
Turn   | Place    | Note
-------+----------+-------------------------------------------
     0 | D:1      | Arctor the Octopode Transmuter began the quest for the Orb.
     0 | D:1      | Reached XP level 1. HP: 13/13 MP: 3/3
   208 | D:1      | Reached XP level 2. HP: 17/18 MP: 3/5
   404 | D:1      | Found a faded altar of an unknown god.
   780 | D:2      | Reached XP level 3. HP: 15/23 MP: 3/6
   783 | D:2      | Slain by a kobold

Illustrated notes

Levels and vault maps discovered:
D:1:      minmay_arrival_stair_chambers, layout_loops_ring,
          hellmonk_ecumenical_altar_blasted
D:2:      layout_rooms, basic_altar, minivault_5,
          corexii_item_surrounded_by_moat, grunt_ministairs_15,
          chequers_serial_rivers_small_a

Action                     || total
---------------------------++-------
  Melee: Unarmed           ||    52
         Constrict         ||    14
         Kick              ||     9
         Tentacles         ||     5
         Punch             ||     1
   Cast: Beastly Appendage ||    13
   Stab: Sleeping          ||     2
 Armour: Skin              ||     7
  Dodge: Dodged            ||    42
